 Dungeon Crawl Stone Soup version 0.29.1-13-g9f3cf754e1 (webtiles) character file.

Game seed: 6062675957798919765

228 Descartes the Ducker (level 5, 0/25 HPs)
             Began as a Felid Monk on Jan 29, 2023.
             Succumbed to an adder's poison
             ... on level 4 of the Dungeon.
             The game lasted 00:06:51 (4913 turns).

Descartes the Ducker (Felid Monk)                   Turns: 4913, Time: 00:06:52

Health: 0/25       AC:  1    Str:  9    XL:     5   Next: 71%
Magic:  6/6        EV: 20    Int: 12    God:
Gold:   214        SH:  0    Dex: 18    Spells: 4/4 levels left
                                        Lives:  0   Deaths: 1

rFire   + . .      SeeInvis +     - Unarmed
rCold   . . .      Faith    .   (shield unavailable)
rNeg    . . .      Spirit   .   (body armour unavailable)
rPois   .          Reflect  .   (helmet unavailable)
rElec   .          Harm     .   (cloak unavailable)
rCorr   .          Rampage  .   (gloves unavailable)
Will    .....                   (boots unavailable)
Stlth   +++.......              (no amulet)
HPRegen 0.08/turn               r - ring of protection from fire
MPRegen 0.10/turn               (no ring)

@: lethally poisoned (0 -> -1), quick
A: very small, claws 1, fangs 3, see invisible, speed 1, shaggy fur 1, stealthy
paws, no weapons or thrown items, no armour, multi-lived
a: no special abilities


You were on level 4 of the Dungeon.
You visited 1 branch of the dungeon, and saw 4 of its levels.

You collected 214 gold pieces.

Inventory:

Jewellery
 e - a ring of positive energy
 r - a ring of protection from fire (left paw)
Wands
 k - a wand of quicksilver (14)
 n - a wand of charming (4)
 p - a wand of polymorph (7)
Scrolls
 c - a scroll of enchant weapon
 d - a scroll of enchant armour
 j - a scroll of butterflies
 m - a scroll of fear {unknown}
 s - a scroll of poison {unknown}
Potions
 a - a potion of ambrosia
 g - a potion of brilliance {unknown}
 o - a potion of resistance {unknown}
 q - a potion of might {unknown}
 t - a potion of magic {unknown}


   Skills:
 + Level 4.0 Fighting
 + Level 5.4 Dodging
 + Level 4.9 Stealth
 + Level 4.1 Unarmed Combat
 + Level 2.8 Evocations


You had 4 spell levels left.
You didn't know any spells.
Your spell library contained the following spells:

 Spells                   Type           Power      Damage    Failure   Level
 Magic Dart               Conj           0%         1d3       32%         1
 Slow                     Hex            0%         N/A       32%         1
 Call Imp                 Summ           0%         N/A       45%         2
 Confusing Touch          Hex            0%         N/A       69%         3
 Mephitic Cloud           Conj/Pois/Air  0%         N/A       69%         3
 Vampiric Draining        Necr           0%         2d6       69%         3


Dungeon Overview and Level Annotations

Branches:
Dungeon (4/15)
 Temple: D:4-7

Altars:
Gozag
Nemelex Xobeh
Ru

Annotations:
D:4 Natasha


Innate Abilities, Weirdness & Mutations

You have sharp claws.
You have razor-sharp teeth.
You have supernaturally acute eyesight. (SInv)
You cover ground quickly. (Speed+)
You are covered in fur. (AC +1)
Your paws help you pounce on unaware monsters.
You are incapable of wielding weapons or throwing items.
You cannot wear armour.
You gain extra lives every three experience levels.


Message History

You barely miss the adder.
The adder is severely wounded.
The adder misses you. The kobold closely misses you.
You miss the adder.
The adder is severely wounded.
The adder bites you. The adder bites you but does no damage.
You scratch the adder.
The adder is severely wounded.
The kobold closely misses you. The adder closely misses you.
You scratch Natasha.
Natasha is moderately wounded.
The kobold completely misses you. The adder bites you.
You are poisoned.
The adder poisons you! Natasha completely misses you.
A giant cockroach comes into view.
You scratch Natasha. You bite Natasha, but do no damage.
Natasha is moderately wounded.
You feel sick. The kobold misses you. The adder completely misses you.
The quokka bites you.
* * * LOW HITPOINT WARNING * * *
A worm comes into view.
Natasha casts a spell at you.
You easily resist.
You scratch the adder.
You kill the adder!
You feel sick. The kobold closely misses you. The quokka misses you.
Natasha barely misses you.
You feel sick. The kobold closely misses you. The quokka bites you.
* * * LOW HITPOINT WARNING * * *
Natasha claws you.
* * * LOW HITPOINT WARNING * * *
You see here an adder corpse.
You scratch Natasha.
Natasha is severely wounded.
* * * LOW HITPOINT WARNING * * *
You feel sick. The quokka misses you. The kobold barely misses you.
Natasha barely misses you.
You scratch Natasha. Your bite misses Natasha.
Natasha is severely wounded.
You die...

#................
#................
#................
##...............
##.....#...)....
###.####....... ###
#######.# ##....##.
.)...#.h...#.# #...#####
.....B.@.....###..## #
......KKr....#....# ##
...w.........#.#..###...
........................
..............#.........
....<........##....#####
............#....###
...K.............#
..........#####


You could see a worm, Natasha, a quokka, a giant cockroach and 3 kobolds.

Vanquished Creatures
  A scorpion (D:4)
  Ijyb (D:3)
  Jessica (D:2)
  Natasha (D:4)
  An orc wizard (D:2)
  A gnoll (D:1)
  5 adders
  3 ufetubi
  A worm (D:2)
  5 dart slugs
  8 orcs
  4 bats
  7 endoplasms
  3 giant cockroaches
  4 hobgoblins (D:1)
  6 jackals
  4 quokkas
  4 ball pythons
  A frilled lizard (D:2)
  8 goblins
  10 kobolds
  3 rats (D:1)
82 creatures vanquished.

Notes
Turn   | Place    | Note
-------+----------+-------------------------------------------
     0 | D:1      | Descartes the Felid Monk began the quest for the Orb.
     0 | D:1      | Reached XP level 1. HP: 10/10 MP: 2/2
   285 | D:1      | Reached XP level 2. HP: 14/14 MP: 3/3
   350 | D:1      | Reached skill level 1 in Evocations
   650 | D:1      | Reached XP level 3. HP: 16/17 MP: 4/4
  1651 | D:2      | Reached XP level 4. HP: 20/21 MP: 5/5
  1671 | D:2      | Found a faded altar of an unknown god.
  1683 | D:2      | Prayed at the altar of an unknown god.
  1683 | D:2      | Became a worshipper of Nemelex Xobeh the Trickster
  1683 | D:2      | Reached * piety under Nemelex Xobeh
  1683 | D:2      | Received a gift from Nemelex Xobeh
  1683 | D:2      | Received a gift from Nemelex Xobeh
  1683 | D:2      | Reached ** piety under Nemelex Xobeh
  1689 | D:2      | Fell from the grace of Nemelex Xobeh
  1961 | D:2      | Noticed Jessica
  1969 | D:2      | Killed Jessica
  2193 | D:3      | Found a sacrificial altar of Ru.
  2212 | D:3      | Noticed Ijyb
  2235 | D:3      | Killed Ijyb
  2262 | D:3      | HP: 1/21 [orc/+0 trident (8)]
  2593 | D:3      | Reached XP level 5. HP: 24/24 MP: 6/6
  2615 | D:3      | Reached skill level 5 in Dodging
  2710 | D:3      | Found an opulent altar of Gozag.
  4579 | D:4      | HP: 1/25 [poisoned by a scorpion]
  4580 | D:4      | Succumbed to a scorpion's poison
  4581 | D:4      | Reached XP level 4. HP: 0/22 MP: 5/5
  4581 | D:4      | Reached XP level 5. HP: 25/25 MP: 6/6
  4715 | D:4      | Noticed Natasha
  4821 | D:4      | Killed Natasha
  4869 | D:4      | HP: 1/25 [adder (2)]
  4899 | D:4      | Noticed Natasha
  4912 | D:4      | HP: 1/25 [poisoned by an adder]
  4913 | D:4      | Succumbed to an adder's poison

Illustrated notes

Levels and vault maps discovered:
D:1:      eino_arrival_water_cross, layout_basic, corner_web_ring
D:2:      layout_rooms, basic_ecumenical_altar, uniq_jessica
D:3:      layout_loops_corners, nicolae_gozag_cash_rules_everything_around_me,
          lemuel_doored_altar, uniq_ijyb
D:4:      layout_rooms, gup_sewer_entry_spiral, uniq_natasha

Skill      XL: |  1  2  3  4  5 |
---------------+----------------+-----
Stealth        | 3 4 |  4.9
Evocations     | 1 2 |  2.8
Dodging        | 5 |  5.4
Unarmed Combat | 4 |  4.1
Fighting       | 4 |  4.0

Action                   |  1- 3 |  4- 6 || total
-------------------------+-------+-------++-------
Melee: Unarmed           |    92 |   180 ||   272
       Bite              |    11 |    17 ||    28
       Punch             |     4 |     4 ||     8
Invok: Renounce Religion |       |     1 ||     1
  Use: Scroll            |       |     7 ||     7
       Potion            |       |     2 ||     2
 Stab: Sleeping          |     7 |     8 ||    15
       Confused          |       |     2 ||     2
Armor: Skin              |     1 |    12 ||    13
Dodge: Dodged            |    76 |   229 ||   305
